 Dungeon Crawl Stone Soup version 0.28-a0-592-g6fc52098c6 (webtiles) character file.

Game seed: 1201527785340041948

102 MrRokkomies the Magician (level 5, -1/39 HPs)
             Began as a Djinni Hedge Wizard on Oct 4, 2021.
             Killed from afar by Terence (2 damage)
             ... with a puff of flame
             ... on level 3 of the Dungeon.
             The game lasted 00:05:24 (3437 turns).

MrRokkomies the Magician (Djinni Hedge Wizard)      Turns: 3437, Time: 00:05:25

Health: -1/39      AC:  2    Str:  9    XL:     5   Next: 5%
Gold:   54         EV: 12    Int: 17    God:
                   SH:  0    Dex: 12

rFire   + + .      SeeInvis .   a - +1 dagger
rCold   x . .      Faith    .   (no shield)
rNeg    . . .      Spirit   .   b - +0 robe
rPois   ∞          Reflect  .   c - +0 hat
rElec   .          Harm     .   (no cloak)
rCorr   .          Rampage  .   (no gloves)
Will    .....                   (boots unavailable)
Stlth   ++........              (no amulet)
HPRegen 0.13/turn               (no ring)
MPRegen 0.00/turn               (no ring)

@: flying
A: sickness immunity, fire resistance 2, cold vulnerability 1, float, innate
caster, hp casting, extra vitality 1
a: no special abilities


You were on level 3 of the Dungeon.
You visited 1 branch of the dungeon, and saw 3 of its levels.

You collected 54 gold pieces.

Inventory:

Hand Weapons
 a - a +1 dagger (weapon)
Armour
 b - a +0 robe (worn)
 c - a +0 hat (worn)
Scrolls
 d - 2 scrolls of identify
 g - a scroll of teleportation


   Skills:
 * Level 2.5 Fighting
 + Level 3.0 Dodging
 - Level 1.5 Stealth
 * Level 3.2 Spellcasting


You couldn't memorise any spells.
You knew the following spells:

 Your Spells              Type           Power      Damage    Failure   Level
a - Magic Dart            Conj           52%        1d5       4%          1
b - Blink                 Tloc           N/A        N/A       7%          2
c - Call Imp              Summ           13%        N/A       7%          2
d - Slow                  Hex            13%        N/A       7%          2
e - Conjure Flame         Conj/Fire      13%        6-21      14%         3
f - Mephitic Cloud        Conj/Pois/Air  13%        N/A       14%         3
g - Apportation           Tloc           26%        N/A       4%          1
h - Poisonous Vapours     Pois/Air       26%        N/A       7%          2
Your spell library was empty.

Dungeon Overview and Level Annotations

Branches:
Dungeon (3/15)

Altars:
Dithmenos

Shops:
D:2 *   D:3 (*

Annotations:
D:3 Terence


Innate Abilities, Weirdness & Mutations

You are immune to sickness and miasma.
You are immune to poison.
Your flesh is very heat resistant. (rF++)
You are vulnerable to cold. (rC-)
You float through the air rather than walking.
You learn spells naturally, not from books.
Your magical power is your life essence.
You have superior vitality. (+4 HP)


Message History

Terence hits your iron imp but does no damage.
Your iron imp closely misses Terence.
Terence barely misses your iron imp.
Terence hits your iron imp with a +0 short sword.
Your iron imp hits Terence but does no damage.
Terence hits your iron imp with a +0 short sword.
Your iron imp dies!
Your iron imp disappears in a puff of smoke!
Casting: Poisonous Vapours (safe; 7% risk of failure)
Confirm with . or Enter, or press ? or * to list all spells.
Aiming: Poisonous Vapours (safe; 7% risk of failure)
Press: ? - help, Dir - move target, f/p - Terence
Aim: Terence, wielding a +0 short sword, wearing a +0 chain mail and carrying a wand of flame (10) (moderately wounded, poisoned) Poisonous vapours surround Terence!
Terence looks even sicker.
Found Unai's General Store.
Terence zaps a wand.
The puff of flame hits you. You resist.
* * * LOW HITPOINT WARNING * * *
Casting: Poisonous Vapours (safe; 7% risk of failure)
Confirm with . or Enter, or press ? or * to list all spells.
Aiming: Magic Dart (safe; 4% risk of failure)
Press: ? - help, Shift-Dir - straight line, f/p - Terence
Aim: Terence, wielding a +0 short sword, wearing a +0 chain mail and carrying a wand of flame (9) (severely wounded, poisoned, 100% to hit)
The magic dart hits Terence but does no damage.
Terence is severely wounded.
* * * LOW HITPOINT WARNING * * *
Casting: Magic Dart (safe; 4% risk of failure)
Confirm with . or Enter, or press ? or * to list all spells.
Aiming: Poisonous Vapours (safe; 7% risk of failure)
Press: ? - help, Dir - move target, f/p - Terence
Aim: Terence, wielding a +0 short sword, wearing a +0 chain mail and carrying a wand of flame (9) (severely wounded, poisoned) Poisonous vapours surround Terence!
Terence looks even sicker.
* * * LOW HITPOINT WARNING * * *
Terence hits you with a +0 short sword.
* * * LOW HITPOINT WARNING * * *
You aren't carrying any potions.
Terence zaps a wand.
The puff of flame hits you. You resist.
* * * LOW HITPOINT WARNING * * *
Terence zaps a wand.
The puff of flame misses you.
A kobold comes into view. It is wielding a +0 dagger.
Found a war axe.
Terence zaps a wand.
The puff of flame hits you. You resist.
You die...

. #≈.≈. #K. .###≈≈.≈≈
#.) ....≈≈\≈≈ #..
#...≈≈≈≈≈ ####..######
##...:≈≈≈.
#..........###..........
#[.........#............
#..........@.##.........
#......@...###.....#...
...........#.\.......#.
..............#......#
#.......#######....#...
##..#...#######..#.###.
#.##..†...<..#.........
... #..######...........
.# #.. #...##...... #
.....# ......


You could see Terence (very poisoned) and a kobold (asleep).

Vanquished Creatures
  A gnoll (D:1)
  An adder (D:2)
  A dart slug (D:1)
  3 ball pythons
  An endoplasm (D:1)
  2 giant cockroaches (D:1)
  3 goblins
  4 hobgoblins
  3 jackals (D:1)
  4 quokkas (D:1)
  5 bats
  3 frilled lizards (D:1)
  A kobold (D:2)
  3 rats (D:1)
35 creatures vanquished.

Vanquished Creatures (collateral kills)
  Jessica (D:2)
  An adder (D:3)
  A worm (D:2)
  An endoplasm (D:1)
  2 goblins (D:1)
  A hobgoblin (D:2)
7 creatures vanquished.

Grand Total: 42 creatures vanquished

Notes
Turn   | Place    | Note
-------+----------+-------------------------------------------
     0 | D:1      | MrRokkomies the Djinni Hedge Wizard began the quest for the
                  | Orb.
     0 | D:1      | Reached XP level 1. HP: 15/15 MP: 0/0
   603 | D:1      | Reached XP level 2. HP: 15/22 MP: 0/0
   717 | D:1      | Reached skill level 1 in Fighting
  1005 | D:1      | Reached XP level 3. HP: 25/27 MP: 0/0
  1005 | D:1      | Learned a level 1 spell: Apportation
  1508 | D:1      | Found a faded altar of an unknown god.
  1990 | D:2      | Found Onoxzyc's General Store.
  2023 | D:2      | Noticed Jessica
  2037 | D:2      | Killed Jessica
  2038 | D:2      | Reached XP level 4. HP: 9/33 MP: 0/0
  2041 | D:2      | HP: 1/33 [hobgoblin (4)]
  2455 | D:2      | Found a shadowy altar of Dithmenos.
  3410 | D:3      | Noticed Terence
  3414 | D:3      | Reached XP level 5. HP: 17/39 MP: 0/0
  3414 | D:3      | Learned a level 2 spell: Poisonous Vapours
  3417 | D:3      | Found Qunnid's Weapon Boutique.
  3424 | D:3      | Found Unai's General Store.
  3433 | D:3      | HP: 1/39 [Terence/puff of flame (2)]
  3437 | D:3      | Killed from afar by Terence

Illustrated notes

Levels and vault maps discovered:
D:1:      saegor_arrival_simple_e, layout_basic,
          shapermc_ecumenical_altar_starsandcircs
D:2:      layout_loops_cross, basic_altar, serial_shops, shop, uniq_jessica
D:3:      layout_rooms, serial_shops, shop, shop, nicolae_shop_waterfront,
          shop_statue, shop, uniq_terence, uniq_sigmund

Skill      XL: |  1  2  3  4 |
---------------+-------------+-----
Fighting       | 1 2 |  2.5
Spellcasting   | 3 |  3.2
Dodging        | 3 |  3.0
Stealth        | |  1.5

Action                   |  1- 3 |  4- 6 || total
-------------------------+-------+-------++-------
Melee: Dagger            |    71 |    16 ||    87
 Cast: Magic Dart        |    42 |    33 ||    75
       Call Imp          |     2 |     2 ||     4
       Poisonous Vapours |       |     4 ||     4
  Use: Scroll            |     1 |     3 ||     4
       Potion            |       |     1 ||     1
 Stab: Sleeping          |     6 |     1 ||     7
Armor: Robe              |    16 |     5 ||    21
Dodge: Dodged            |    58 |    15 ||    73

Table legend: (Time is in decaauts)
 A = Elapsed time spent in this place.
 B = Non-inter-level travel time spent in this place.
 C = Inter-level travel time spent in this place.
 D = Time resting spent in this place.
 E = Time spent auto-exploring this place.
 F = Levels seen in this place.
 G = Mean time per level.
                   A        B        C        D        E       F      G
               +--------+--------+--------+--------+--------+-----+--------+
         Total |   3436 |   3375 |     61 |    538 |   2471 |   3 | 1145.3 |
       Dungeon |   3436 |   3375 |     61 |    538 |   2471 |   3 | 1145.3 |
               +--------+--------+--------+--------+--------+-----+--------+

Top non-repeatable levels by time:
     D:1: 1986 daAuts
     D:2: 1403 daAuts
     D:3: 46 daAuts
